 Dungeon Crawl Stone Soup version 0.20-a0-345-gbfb25ec (webtiles) character file.

120 KristoblXynda the Insei (level 4, -1/38 HPs)
             Began as a Draconian Monk on Dec 22, 2016.
             Slain by bear's ghost (8 damage)
             ... on level 3 of the Dungeon.
             The game lasted 00:03:31 (2081 turns).

KristoblXynda the Insei (Draconian Monk)            Turns: 2081, Time: 00:03:32

Health: -1/38      AC:  5    Str: 18    XL:     4   Next: 75%
Magic:  4/4        EV: 14    Int: 11    God:
Gold:   140        SH:  0    Dex: 14    Spells: 3/3 levels left

rFire  . . .     SeeInvis .       - Unarmed
rCold  . . .     Gourm    .     (armour unavailable)
rNeg   . . .     Faith    .     (no shield)
rPois  .         Spirit   .     (helmet restricted)
rElec  .         Reflect  .     (no cloak)
rCorr  .         Harm     .     (no gloves)
MR     .....                    (no boots)
Stlth  ++........               (no amulet)
                                (no ring)
                                (no ring)

@: mighty
A: unfitting armour, cold-blooded, AC +5
a: no special abilities


You were on level 3 of the Dungeon.
You were not hungry.

You visited 1 branch of the dungeon, and saw 3 of its levels.

You collected 140 gold pieces.

Inventory:

Scrolls
 d - 3 scrolls of identify
 j - a scroll of magic mapping {unknown}
 l - a scroll of immolation {unknown}
 m - a scroll of recharging {unknown}
Potions
 c - 2 potions of curing
 e - a potion of brilliance
 f - a potion of might
 h - a potion of magic
 i - a potion of flight
Comestibles
 a - 2 bread rations
 b - 3 fruits
 g - 2 meat rations
 k - 4 chunks of flesh


   Skills:
 - Level 3.2 Fighting
 + Level 3.6 Dodging
 + Level 2.9 Stealth
 + Level 4.1 Unarmed Combat


You had 3 spell levels left.
You didn't know any spells.

Dungeon Overview and Level Annotations

Branches:
Dungeon (3/15)

Altars:
Xom
Zin
The Shining One

Annotations:
D:3 bear's ghost, amateur GrSk


Innate Abilities, Weirdness & Mutations

Your plain brown scales are hard. (AC +5)
You cannot fit into any form of body armour.
You are cold-blooded and may be slowed by cold attacks.


Message History

As you read the scroll of identify, it crumbles to dust.
h - a potion of magic Bear's ghost hits you!
You feel very mighty all of a sudden. Bear's ghost barely misses you.
You punch bear's ghost! You tail-slap bear's ghost.
Bear's ghost is moderately damaged.
You closely miss bear's ghost.
Your tail-slap misses bear's ghost.
Bear's ghost is moderately damaged.
Bear's ghost hits you.
You barely miss bear's ghost.
Bear's ghost is moderately damaged.
Bear's ghost hits you.
You are electrocuted!
* * * LOW HITPOINT WARNING * * *
You feel better.
Bear's ghost says, "Try not to bleed too much."
Bear's ghost hits you.
* * * LOW HITPOINT WARNING * * *
You are electrocuted!
You die...

.# .# .# .# .# .#
#####.#### #.@W.....#
### #.##...#.#
###...####........#
#####
...#...............#
....##
#...##.#........##.
###.##.##.###.#........#
# #.#.......#.####...###
# #.#..##.#.#.# ##+## #
#.#.........#


You could see bear's ghost.

Vanquished Creatures
  3 adders (D:2)
  2 oozes (D:1)
  3 worms
  3 dart slugs
  7 leopard geckos
  5 orcs (D:3)
  2 giant cockroaches (D:2)
  5 goblins (D:2)
  4 hobgoblins
  3 jackals (D:2)
  7 kobolds
  2 quokkas (D:2)
  A bat (D:2)
  3 frilled lizards
  7 rats
57 creatures vanquished.

Notes
Turn   | Place    | Note
-------+----------+-------------------------------------------
     0 | D:1      | KristoblXynda the Draconian Monk began the quest for the Orb.
     0 | D:1      | Reached XP level 1. HP: 19/19 MP: 1/1
    97 | D:1      | Reached XP level 2. HP: 24/26 MP: 2/2
   257 | D:1      | Found a glowing golden altar of the Shining One.
   467 | D:1      | Reached XP level 3. HP: 29/31 MP: 3/3
  1183 | D:2      | Found a glowing silver altar of Zin.
  1184 | D:2      | Found a shimmering altar of Xom.
  1184 | D:2      | Noticed an angel
  1201 | D:2      | Reached XP level 4. HP: 25/38 MP: 4/4
  1760 | D:2      | Reached skill level 4 in Unarmed Combat
  2070 | D:3      | Noticed bear's ghost (amateur GrSk)
  2081 | D:3      | Slain by bear's ghost

Vault maps used:
D:1:      kennysheep_arrival_seaside, tso_altar
D:2:      grunt_temple_overflow_order_and_chaos_1
D:3:      grunt_temple_overflow_growth_and_decay,
          gammafunk_temple_overflow_statue, first_bread

Skill      XL: |  1  2  3  4 |
---------------+-------------+-----
Stealth        | 2 |  2.9
Dodging        | 3 |  3.6
Unarmed Combat | 4 |  4.1
Fighting       | |  3.2

Action                   |  1- 3 |  4- 6 || total
-------------------------+-------+-------++-------
Melee: Unarmed           |   122 |    68 ||   190
       Tailslap          |    20 |     9 ||    29
       Punch             |     3 |     1 ||     4
  Use: Potion            |     1 |     2 ||     3
       Scroll            |       |     4 ||     4
 Stab: Sleeping          |     3 |     4 ||     7
  Eat: Chunk             |     1 |     3 ||     4
Armor: Skin              |    30 |     9 ||    39
Dodge: Dodged            |    58 |    31 ||    89
